 Dungeon Crawl Stone Soup version 0.8.0-178-g5053f60 character file.

191344 lys the Eclecticist (level 18, -62/74 HPs)
             Began as a Deep Elf Conjurer on June 13, 2011.
             Was the Champion of Vehumet.
             Killed from afar by an Ice Fiend (69 damage)
             ... with a bolt of cold
             ... summoned by a deep elf demonologist
             ... on Level 5 of the Elven Halls on June 15, 2011.
             The game lasted 06:33:17 (51322 turns).

lys the Eclecticist (Deep Elf Conjurer)            Turns: 51322, Time: 06:33:17

HP -62/74        AC 11     Str 12 Exp: 18/285135 (11825), need: 45264
MP  44/50        EV 18     Int 30      God: Vehumet [******]
Gold 2290        SH 14     Dex 15      Spells: 13 memorised,  0 levels left

Res.Fire  : . . .   See Invis. : .   a - staff of energy
Res.Cold  : . . .   Warding    : . . s - +2 elf robe
Life Prot.: . . .   Conserve   : .   x - +1 buckler "Voame" {Int+4}
Res.Acid. : . . .   Res.Corr.  : .   y - +0 cap
Res.Poison: .       Clarity    : .   G - +2 cloak {MR}
Res.Elec. : +       Spirit.Shd : .   M - +2 pair of gauntlets {Str+3}
Sust.Abil.: . .     Stasis     : .   A - +0 pair of boots
Res.Mut.  : .       Ctrl.Telep.: +   j - amulet of the Air {cFly +Lev rElec EV+3 St Res.Rott. : . Levitation : . T - ring of magical power Saprovore : . . . Ctrl.Flight: + e - ring of wizardry

@: repel missiles, about to teleport, very resistant to hostile enchantments,
very stealthy
A: Str +1
a: Renounce Religion, Evoke Levitation


You were on level 5 of the Elven Halls.
You worshipped Vehumet.
Vehumet was exalted by your worship.
You were not hungry.

You visited 8 branches of the dungeon, and saw 42 of its levels.
You visited 1 Labyrinth.
You visited 1 portal chamber: bailey.

You collected 3897 gold pieces.
You spent 1627 gold pieces at shops.

Inventory:

Hand weapons
 d - a +6,+4 elven short sword of speed
Missiles
 W - 2 curare-tipped +0 needles
Armour
 s - a +2 elven robe (worn)
 x - the +1 buckler "Voame" (worn) {Int+4}
   (You found it on level 11 of the Dungeon)

   It affects your intelligence (+4).
 y - a +0 cap (worn)
 A - a +0 pair of boots (worn)
 G - a +2 cloak of magic resistance (worn)
 M - a +2 pair of gauntlets of strength (worn)
Magical devices
 B - a wand of teleportation (4)
 V - a wand of disintegration (5)
 Z - a wand of healing (9)
Comestibles
 h - 2 royal jellies
 p - 4 honeycombs
 q - 4 chokos
Scrolls
 b - a scroll of fog
 c - 2 scrolls of identify
 i - 12 scrolls of detect curse
 n - 7 scrolls of teleportation
 o - 8 scrolls of remove curse
 D - 4 scrolls of fear {unknown}
 O - 5 scrolls of blinking
 Q - a scroll of enchant armour {unknown}
 R - 2 scrolls of magic mapping
 S - 4 scrolls of amnesia
 X - 2 scrolls of enchant weapon II
Jewellery
 e - a ring of wizardry (left hand)
 g - a cursed ring of poison resistance
 j - the amulet of the Air (around neck) {cFly +Lev rElec EV+3 Stlth++}
   (You bought it in a shop on level 12 of the Dungeon)

   [amulet of controlled flight]

   It affects your evasion (+3).
   It insulates you from electricity.
   It lets you levitate.
   It makes you much more stealthy.
 m - an uncursed ring of ice
 r - an uncursed amulet of conservation
 w - a +5 ring of evasion
 z - an uncursed ring of protection from magic
 E - a +3 ring of intelligence
 F - an uncursed ring of see invisible
 H - the amulet "Lereggyboe" {Ward +Blink MR Dex-1}
   (You bought it in a shop on level 3 of the Elven Halls)

   [amulet of warding]

   It affects your dexterity (-1).
   It increases your resistance to enchantments.
   It lets you blink.
 K - a cursed ring of teleportation
 T - a ring of magical power (right hand)
 Y - an uncursed amulet of the gourmand
Potions
 f - a potion of restore abilities
 k - 5 potions of heal wounds
 l - 8 potions of healing
 t - 4 potions of speed
 C - a potion of might
 L - 2 potions of paralysis
 N - a potion of agility
 P - a potion of invisibility
Books
 u - a book of Minor Magic

   Spells                             Type                      Level
   *Magic Dart                        Conjuration                  1
   *Blink                             Translocation                2
   Call Imp                           Summoning                    2
   *Repel Missiles                    Charms/Air                   2
   Slow                               Hexes                        2
   Conjure Flame                      Conjuration/Fire             3
   *Mephitic Cloud                    Conjuration/Poison/Air       3
 v - a book of Annihilations {god gift}

   WARNING:   If you fail in an attempt to memorise a spell from this book, the
   book will lash out at you.

   Spells                             Type                      Level
   *Poison Arrow                      Conjuration/Poison           6
   Orb of Destruction                 Conjuration                  7
   *Chain Lightning                   Conjuration/Air              8
   Lehudib's Crystal Spear            Conjuration/Earth            8
   Ice Storm                          Conjuration/Ice              9
   Fire Storm                         Conjuration/Fire             9
 I - a book of the Dragon

   Spells                             Type                      Level
   Flight                             Charms/Air                   4
   Cause Fear                         Hexes                        5
   Bolt of Fire                       Conjuration/Fire             6
   Dragon Form                        Fire/Transmutation           8
   Summon Dragon                      Summoning                    9
 J - a book of Enchantments

   Spells                             Type                      Level
   Levitation                         Charms/Air                   2
   Tukima's Dance                     Hexes                        3
   See Invisible                      Charms                       4
   Cause Fear                         Hexes                        5
   Deflect Missiles                   Charms/Air                   6
   Haste                              Charms                       6
Magical staves
 a - a staff of energy (weapon)
 U - a staff of power You had 11825 experience left.


   Skills:
 + Level 1 Fighting
 + Level 2 Short Blades
 + Level 1 Staves
 + Level 1 Armour
 + Level 7 Dodging
 + Level 8 Stealth
 + Level 1 Stabbing
 + Level 2 Shields
 + Level 3 Traps & Doors
 - Level 18 Spellcasting
 - Level 17 Conjurations
 + Level 1 Charms
 + Level 1 Summonings
 + Level 1 Translocations
 + Level 14 Ice Magic
 + Level 10 Air Magic
 + Level 13 Poison Magic
 + Level 2 Evocations


You couldn't memorise any spells.
You knew the following spells:

 Your Spells              Type           Power        Success   Level  Hunger
a - Magic Dart            Conj           #####        Perfect     1    None
b - Blink                 Tloc           N/A          Excellent   2    None
c - Mephitic Cloud        Pois/Air/Conj  ########..   Excellent   3    None
d - Static Discharge      Air/Conj       ########..   Excellent   4    None
e - Lightning Bolt        Air/Conj       ########..   Excellent   5    None
f - Poison Arrow          Pois/Conj      ########..   Excellent   6    Sultana
g - Bolt of Cold          Ice/Conj       ########..   Excellent   6    Sultana
h - Iskenderun's Mystic   Conj           ########.    Perfect     4    None
i - Poisonous Cloud       Pois/Air/Conj  ########..   Excellent   5    None
j - Abjuration            Summ           ######....   Excellent   3    None
k - Chain Lightning       Air/Conj       ########..   Excellent   8    Honeycomb
l - Control Teleport      Chrm/Tloc      ######....   Excellent   4    None
m - Repel Missiles        Air/Chrm       #######...   Excellent   2    None

Dungeon Overview and Level Annotations

Branches:
Dungeon (16/27)            Temple (1/1) D:4             Orc (4/4) D:8
    Elf (5/5) Orc:4          Lair (8/8) D:13          Swamp (1/5) Lair:5
  Slime (0/6) Lair:8        Snake (5/5) Lair:6         Hive (2/2) D:15
  Vault: D:14-19

Altars:
Ashenzari
Cheibriados
Elyvilon
Fedhas
Kikubaaqudgha
Makhleb
Nemelex Xobeh
Okawaru
Sif Muna
The Shining One
Trog
Vehumet
Xom
Yredelemnul
Zin
Lugonu

Shops:
D:5: ( D:12: = Orc:2: / Orc:3: ! Orc:4: ?%(! Elf:1: ? Elf:2: = Elf:3: =!%*

Portals:
Trove: D:11 (give 7 potions of speed)

Annotations
D:10 exclusion: orange crystal statue
Elf:5 1 exclusion
Snake:1 exclusion: Mennas


Innate Abilities, Weirdness & Mutations

Your muscles are strong (Str +1).


Message History

Vehumet accepts your kill.
You feel your power returning. The Ice Fiend gestures at you.
The bolt of cold hits you!
One of your 2 potions of invisibility freezes and shatters!
Ouch! That really hurt!
You die... ▒▒ ∙▒ ∙▒ ∙▒ ∙▒ ▒ ∙▒ ∙∙∙∙▒▒∙∙∙ ∙▒ ∙∙∙∙∙∙∙∙∙e∙ ∙▒ ∙∙∙∙∙∙∙∙∙∙∙∙∙ ∙▒ ∙[∙∙∙∙∙∙∙∙∙3∙∙∙ ∙▒ ∙∙∙∙∙∙∙14∙∙∙∙∙∙ ∙▒ ∙∙∙3∙)∙∙∙∙∙∙∙

∙▒ ▒∙∙∙1∙∙∙∙∙▒ ∙▒
▒∙∙@∙∙∙∙∙∙▒ ∙▒
▒∙∙∙∙∙)∙∙∙▒ ∙▒
▒∙∙∙∙∙)(∙∙∙∙ ∙▒
∙∙∙∙∙▒▒∙▒▒∙∙∙ ∙▒ ∙∙∙∙∙▒▒
▒∙▒ ▒∙ ∙▒ ∙∙▒▒ ▒∙▒ ∙▒ ▒
▒∙▒ ∙▒ ▒∙▒ ∙▒ ▒)▒
∙▒▒▒▒▒▒▒▒▒▒▒▒▒∙▒▒▒▒▒▒▒▒▒▒


∙∙∙∙∙∙∙∙∙)∙∙∙)([)∙∙)∙[)∙∙ ▒▒▒▒▒▒▒▒∙▒▒▒▒▒▒▒▒∙▒▒▒▒▒∙▒ ▒ ▒∙▒ ▒∙)∙∙∙∙∙▒ You could
see an Ice Fiend, a Balrug, a deep elf sorcerer, a hellwing, a neqoxec and a
ynoxinul.

Vanquished Creatures
  Margery (Snake:4)
  Frederick (Snake:4)
  Nikola (D:15)
  Rupert (D:15)
  Frances (Snake:4)
  Maud (Lair:1)
  2 deep elf annihilators (Elf:5)
  A deep elf death mage (Elf:5)
  2 dire elephants (Lair:8)
  3 deep elf sorcerers
  A minotaur (Lab)
  A dragon (D:15)
  Erica (D:15)
  Harold (Lair:2)
  9 hydras
  8 death yaks
  4 anacondas
  An ogre mage (D:16)
  5 deep elf demonologists (Elf:5)
  A rakshasa (D:15)
  A deep elf high priest (Elf:5)
  An alligator (Swamp:1)
  3 centaur warriors
  Nergalle (D:15)
  3 orc high priests (Orc:4)
  A stone giant zombie (D:14)
  3 elf zombies (Elf:5)
  Erolcha (D:9)
  3 hell knights (Snake:4)
  22 deep elf knights
  A griffon (D:15)
  4 naga warriors
  4 hill giants
  2 swamp dragons (D:16)
  6 orc sorcerers (Orc:4)
  2 lindwurms
  Pikel (D:6)
  A hydra zombie (D:10)
  A necromancer (Snake:4)
  Urug (D:10)
  A guardian serpent (Snake:4)
  A red wasp (Swamp:1)
  A cyclops (D:16)
  A guardian serpent (shapeshifter) (D:16)
  4 weapon mimics
  6 orc knights
  A shop mimic (D:11)
  3 wolf spiders
  A fountain mimic (D:14)
  An ice dragon zombie (D:16)
  20 black mambas
  An elephant slug (Lair:4)
  A queen ant (Snake:3)
  2 elephants
  9 spiny frogs
  Psyche (D:8)
  6 naga magi
  4 komodo dragons
  5 ugly things (D:14)
  9 slime creatures
  2 queen bees
  Sonja (Orc:3)
  5 trolls
  A baby alligator (Lair:5)
  21 blink frogs
  5 two-headed ogres
  11 giant toads
  A rock troll skeleton (D:16)
  A grizzly bear (Lair:6)
  5 vipers
  13 deep elf conjurers
  2 wyverns
  12 vampire mosquitoes
  A wraith (D:9)
  4 hippogriffs
  Eustachio (D:6)
  25 yaks
  4 hungry ghosts
  A neqoxec (Snake:4)
  14 deep elf summoners
  A steam dragon (D:13)
  7 war dogs
  2 manticores
  23 deep elf fighters
  A yaktaur zombie (D:16)
  3 fire drakes
  12 soldier ants
  A giant slug zombie (D:13)
  4 swamp worms
  2 mottled dragons
  9 deep elf priests
  An ice beast (D:7)
  22 orc warriors
  A swamp drake (D:16)
  A yellow wasp (D:13)
  4 sky beasts
  A slave (D:6)
  5 centaurs
  2 phantoms
  3 boring beetles
  10 crocodiles
  A troll skeleton (D:16)
  5 giant goldfish
  13 ogres
  2 wargs
  Duvessa (D:6)
  68 nagas
  5 gila monsters
  26 deep elf magi
  13 giant frogs
  30 water moccasins
  16 big kobolds
  8 giant slugs
  A brain worm (D:15)
  A water moccasin zombie (Snake:4)
  5 agate snails
  169 killer bees
  5 electric eels
  An eye of draining (D:10)
  11 wights
  2 jellyfish (Swamp:1)
  3 goliath beetles
  2 human zombies
  A boulder beetle (Lair:7)
  A big kobold zombie (D:12)
  10 imps
  16 orc priests
  Dowan (D:6)
  A gila monster skeleton (D:7)
  2 big kobold skeletons
  9 hounds
  A quasit (D:8)
  2 naga zombies (Snake:4)
  3 scorpions
  7 iguanas
  4 big fish
  2 hound skeletons
  5 porcupines
  36 deep elf soldiers
  2 elves (shapeshifter)
  22 worker ants
  18 orc wizards
  3 worker ant zombies
  36 sheep
  Jessica (D:2)
  18 jellies
  6 gnolls
  26 green rats
  A lemure (Snake:4)
  3 giant centipedes
  53 snakes
  2 snake zombies
  An iguana zombie (D:6)
  2 shadow imps
  2 giant mites
  17 worms
  2 ufetubi (Snake:4)
  Terence (D:2)
  2 giant eyeballs (D:7)
  A megabat skeleton (D:8)
  8 giant geckos
  A gnoll skeleton (D:7)
  4 oozes
  129 orcs
  7 giant cockroaches
  22 hobgoblins
  16 jackals
  53 kobolds
  10 quokkas
  4 ant larvae (Snake:3)
  10 giant newts
  A giant spore (D:11)
  33 goblins
  48 killer bee larvae
  16 megabats
  An orc zombie (D:6)
  29 rats
  3 small snakes
  14 ballistomycetes
  5 fungi
  6 plants
  46 toadstools
1605 creatures vanquished.

Vanquished Creatures (collateral kills)
  A black mamba (Lair:4)
  A killer bee (Lair:1)
  An orc priest (D:4)
  A gnoll (D:7)
  A green rat (Lair:3)
  A snake (Lair:3)
  2 orcs (D:12)
  4 jackals (Lair:4)
  4 kobolds (D:9)
  2 megabats
18 creatures vanquished.

Vanquished Creatures (others)
  A slime creature (D:14)
  A small abomination (Lair:4)
  A human (D:8)
  A porcupine (Lair:2)
  3 snakes
  A giant centipede (D:14)
  2 orcs
  A hobgoblin (Port)
  A giant spore (D:9)
  2 killer bee larvae (Hive:2)
  6 kobolds
  A rat (D:4)
  A ballistomycete (D:9)
  2 fungi
  3 plants
  200 toadstools
227 creatures vanquished.

Grand Total: 1850 creatures vanquished

Notes
Turn   | Place    | Note
--------------------------------------------------------------
     0 | D:1      | lys, the Deep Elf Conjurer, began the quest for the Orb.
     0 | D:1      | Reached XP level 1. HP: 8/8 MP: 4/4
   285 | D:1      | Reached skill level 5 in Conjurations
   308 | D:1      | Reached XP level 2. HP: 12/12 MP: 4/7
   312 | D:1      | Learned a level 2 spell: Throw Frost
   972 | D:2      | Found an ancient bone altar of Kikubaaqudgha.
  1149 | D:2      | Noticed Jessica
  1273 | D:2      | Reached XP level 3. HP: 14/16 MP: 2/9
  1278 | D:2      | Learned a level 3 spell: Mephitic Cloud
  1421 | D:2      | Found a radiant altar of Vehumet.
  1432 | D:2      | Became a worshipper of Vehumet
  1685 | D:2      | Noticed Terence
  1861 | D:2      | Defeated Terence
  1861 | D:2      | Reached skill level 6 in Conjurations
  2172 | D:2      | Defeated Jessica
  2172 | D:2      | Reached XP level 4. HP: 20/20 MP: 7/13
  2474 | D:3      | Reached skill level 1 in Ice Magic
  2592 | D:3      | Reached skill level 7 in Conjurations
  2600 | D:3      | Found a burning altar of Makhleb.
  2694 | D:3      | Reached skill level 1 in Air Magic
  3169 | D:4      | Acquired Vehumet's first power
  3302 | D:4      | Reached XP level 5. HP: 25/25 MP: 3/17
  3480 | D:4      | Reached XP level 6. HP: 22/28 MP: 6/19
  3480 | D:4      | Reached skill level 8 in Conjurations
  3582 | D:4      | Learned a level 4 spell: Static Discharge
  3622 | D:4      | Got an encrusted leather armour
  3629 | D:4      | Identified the +3 leather armour of Lesser Demons (You found it on level 4 of the Dungeon)
  3743 | D:4      | Found a staircase to the Ecumenical Temple.
  3785 | Temple   | Entered the Ecumenical Temple
  3884 | D:4      | Reached skill level 1 in Poison Magic
  3995 | D:4      | Found a basalt altar of Yredelemnul.
  4402 | D:4      | Reached skill level 9 in Conjurations
  4658 | D:4      | Reached skill level 5 in Spellcasting
  5173 | D:5      | Entered Level 5 of the Dungeon
  5433 | D:5      | Reached XP level 7. HP: 33/33 MP: 19/21
  5536 | D:5      | Acquired Vehumet's second power
  5911 | D:5      | Found Gant's Antique Weapon Emporium.
  5945 | D:5      | Got an ichor-stained robe
  5953 | D:5      | Identified the cursed -1 robe "Qosadgh" (You found it on level 5 of the Dungeon)
  6734 | D:6      | Noticed Dowan
  6809 | D:5      | Learned a level 5 spell: Lightning Bolt
  6816 | D:6      | Noticed Eustachio
  7078 | D:6      | Found a snail-covered altar of Cheibriados.
  7418 | D:7      | Reached XP level 8. HP: 37/37 MP: 20/25
  7724 | D:7      | Paralysed by a giant eyeball for 4 turns
  7990 | D:7      | Reached skill level 5 in Ice Magic
  8251 | D:7      | Acquired Vehumet's third power
  8544 | D:7      | Found a bloodstained altar of Trog.
  8874 | D:8      | Noticed Psyche
  8884 | D:8      | Defeated Psyche
  9143 | D:8      | Found a staircase to the Orcish Mines.
  9251 | D:8      | Learned a level 5 spell: Venom Bolt
  9253 | D:8      | Found an ancient bone altar of Kikubaaqudgha.
  9309 | D:8      | Reached XP level 9. HP: 41/41 MP: 20/27
  9934 | D:8      | Found a shattered altar of Ashenzari.
 10176 | D:9      | Reached skill level 10 in Conjurations
 10345 | D:9      | Reached skill level 5 in Air Magic
 10363 | D:9      | Reached skill level 10 in Spellcasting
 10783 | D:9      | Reached skill level 5 in Poison Magic
 10916 | D:9      | Acquired Vehumet's fourth power
 10997 | D:9      | Reached skill level 11 in Conjurations
 11047 | D:9      | Noticed Erolcha
 11052 | D:9      | Defeated Erolcha
 11052 | D:9      | Reached XP level 10. HP: 12/45 MP: 13/29
 11172 | D:9      | Reached skill level 1 in Short Blades
 11275 | D:9      | Reached skill level 1 in Fighting
 11509 | D:9      | Reached skill level 5 in Stealth
 11901 | D:6      | Noticed Pikel
 11902 | D:6      | meuh
 11992 | D:6      | Found a deep blue altar of Sif Muna.
 12040 | D:6      | Noticed Duvessa
 12044 | D:6      | Defeated Duvessa
 12045 | D:6      | Defeated Dowan
 12045 | D:6      | Reached skill level 12 in Conjurations
 12046 | D:6      | gare toi j'arrive
 12415 | D:6      | bisque bisque
 12469 | D:6      | Defeated Eustachio
 12581 | D:6      | Defeated Pikel
 12750 | D:9      | Found a glowing golden altar of the Shining One.
 12843 | D:9      | gn
 12955 | D:10     | Entered Level 10 of the Dungeon
 12968 | D:10     | Noticed Urug
 12973 | D:10     | Defeated Urug
 13334 | Temple   | Learned a level 6 spell: Bolt of Cold
 13431 | Orc:1    | Entered Level 1 of the Orcish Mines
 13442 | Orc:1    | oups
 13956 | D:10     | Reached XP level 11. HP: 52/52 MP: 31/31
 14256 | D:10     | Reached skill level 13 in Conjurations
 14404 | D:11     | Got a slimy buckler
 14405 | D:11     | Identified the +1 buckler "Voame" (You found it on level 11 of the Dungeon)
 14501 | D:11     | Found a portal to a secret trove of treasure.
 14761 | D:11     | Reached skill level 5 in Dodging
 15656 | D:12     | Found a flagged portal. 15661
                  | bailey
                  | Entered the bailey 15861
                  | bailey
                  | bon. 16137
                  | bailey
                  | Got an antique book 16138
                  | bailey
                  | Identified Sif Muna's Collected Works on Conjuration and Flames (You found it in the bailey) 16171
                  | bailey
                  | Gained mutation: Your body is slowly deteriorating. 16171
                  | bailey
                  | Gained mutation: You are weak (Str -1). 16171
                  | bailey
                  | Gained mutation: You are weak (Str -2). 16187
                  | bailey
                  | Gained mutation: You are frail (-10% HP). 16187
                  | bailey
                  | Gained mutation: You have a pair of small antennae on your head.
 17357 | D:13     | Reached skill level 1 in Traps & Doors
 17450 | D:13     | Reached skill level 10 in Poison Magic
 17672 | D:12     | Reached XP level 12. HP: 49/49 MP: 34/34
 17702 | D:12     | Reached skill level 14 in Spellcasting
 17881 | D:12     | Found Wuenaedgh's Jewellery Boutique.
 17884 | D:12     | Bought the amulet of the Air {cFly +Lev rElec EV+3 Stlth++} for 862 gold pieces
 17960 | D:12     | Received a gift from Vehumet
 17967 | D:12     | Learned a level 4 spell: Iskenderun's Mystic Blast
 18260 | D:13     | Lost mutation: You are weak (Str -2).
 18260 | D:13     | Lost mutation: You are weak (Str -1).
 18260 | D:13     | Lost mutation: You have a pair of small antennae on your head.
 18260 | D:13     | Lost mutation: You are frail (-10% HP).
 18376 | D:13     | Found a staircase to the Lair.
 18735 | Lair:1   | Entered Level 1 of the Lair of Beasts
 18852 | Lair:1   | Noticed Maud
 18859 | Lair:1   | Defeated Maud
 19210 | Lair:2   | Noticed Harold
 19224 | Lair:2   | Defeated Harold
 19693 | Lair:2   | Found a frozen archway.
 19721 | Lair:2   | Learned a level 5 spell: Poisonous Cloud
 20073 | Lair:3   | Reached skill level 1 in Stabbing
 20856 | Lair:3   | Reached skill level 1 in Evocations
 21051 | Lair:4   | Found a labyrinth entrance.
 21071 | Lab      | Entered a Labyrinth
 21072 | Lab      | pause..
 21364 | Lab      | Got a torn book
 21474 | Lab      | Identified the Volume of Stolen Souls and Enhancements (You found it in a Labyrinth)
 21477 | Lab      | Learned a level 2 spell: Blink
 21514 | Lair:4   | Received a gift from Vehumet
 21534 | Lair:4   | Learned a level 6 spell: Poison Arrow
 21809 | Lair:4   | Reached skill level 15 in Spellcasting
 22087 | Lair:4   | Paralysed by you for 2 turns
 22850 | Lair:5   | Reached XP level 13. HP: 53/58 MP: 36/36
 23131 | Lair:5   | Found a staircase to the Swamp.
 23920 | Lair:6   | Found a staircase to the Snake Pit.
 24177 | Lair:6   | Lost mutation: Your body is slowly deteriorating.
 24858 | Lair:7   | Got a heavily runed robe
 24866 | Lair:7   | Identified the +0 robe of Witzaun (You found it on level 7 of the Lair of Beasts)
 25430 | Lair:1   | Received a gift from Vehumet
 27009 | Swamp:1  | Entered Level 1 of the Swamp
 27120 | Swamp:1  | Found a shimmering altar of Xom.
 28449 | Lair:7   | Reached XP level 14. HP: 61/61 MP: 37/37
 28504 | Lair:7   | Reached skill level 15 in Conjurations
 28657 | Lair:8   | Entered Level 8 of the Lair of Beasts
 29080 | Lair:8   | Reached skill level 10 in Ice Magic
 29084 | Lair:8   | Found a staircase to the Slime Pits.
 30198 | Snake:1  | Entered Level 1 of the Snake Pit
 30205 | Snake:1  | ssh ?
 30223 | Snake:1  | petits petits...
 30271 | Snake:1  | Noticed Mennas
 30272 | Snake:1  | mmghn
 30286 | Snake:1  | Found a bloodstained altar of Trog.
 30786 | Snake:1  | Reached skill level 1 in Shields
 30858 | Snake:1  | Received a gift from Vehumet
 30868 | Snake:1  | Learned a level 3 spell: Abjuration
 31473 | Snake:2  | Gained mutation: Your muscles are strong (Str +1).
 31717 | Snake:2  | Reached skill level 16 in Spellcasting
 31759 | Snake:2  | Reached XP level 15. HP: 64/64 MP: 38/38
 33438 | Snake:3  | Received a gift from Vehumet
 33699 | Snake:4  | Noticed Margery
 34171 | Snake:4  | Reached XP level 16. HP: 67/67 MP: 39/39
 34319 | Snake:4  | Noticed Frederick
 34330 | Snake:4  | Defeated Frederick
 34477 | Snake:4  | Defeated Margery
 34477 | Snake:4  | Reached skill level 10 in Air Magic
 34479 | Snake:4  | baaaaaah
 34527 | Snake:4  | Noticed Frances
 34550 | Snake:4  | Defeated Frances
 34553 | Snake:4  | Reached skill level 1 in Summonings
 35242 | Snake:4  | Reached skill level 1 in Armour
 35672 | Snake:5  | Entered Level 5 of the Snake Pit
 35673 | Snake:5  | Reached skill level 17 in Conjurations
 36356 | Snake:3  | Learned a level 8 spell: Chain Lightning
 37764 | D:15     | Entered Level 15 of the Dungeon
 38064 | D:15     | Noticed Nikola
 38072 | D:15     | Defeated Nikola
 38409 | D:15     | Found a staircase to the Hive.
 38436 | D:15     | Noticed Nergalle
 38438 | D:15     | Defeated Nergalle
 38749 | D:15     | Noticed Erica
 38752 | D:15     | Defeated Erica
 38752 | D:15     | Reached XP level 17. HP: 71/71 MP: 40/40
 39039 | D:15     | Noticed Rupert
 39042 | D:15     | Defeated Rupert
 39082 | Hive:1   | Entered Level 1 of the Hive
 39647 | Hive:2   | Entered Level 2 of the Hive
 41384 | D:16     | Noticed a guardian serpent
 41387 | D:16     | Defeated a guardian serpent
 41764 | D:16     | Reached skill level 1 in Staves
 42641 | Orc:2    | Found Deanuf's Magical Wand Emporium.
 43287 | Orc:4    | Entered Level 4 of the Orcish Mines
 43593 | Orc:4    | Found an iron altar of Okawaru.
 43635 | Orc:4    | Noticed an orc high priest
 43637 | Orc:4    | Noticed an orc high priest
 43640 | Orc:4    | Defeated an orc high priest
 43648 | Orc:4    | Defeated an orc high priest
 43782 | Orc:4    | Noticed an orc high priest
 43783 | Orc:4    | Defeated an orc high priest
 43975 | Orc:4    | Found Kineaqaf's Antique Weapon Emporium.
 43975 | Orc:4    | Found Getiahea's Distillery.
 43977 | Orc:4    | Found Qaine's Food Shop.
 43978 | Orc:4    | Found Kabbid's Magic Scroll Shop.
 44030 | Orc:4    | Reached skill level 18 in Spellcasting
 44036 | Orc:4    | Found a staircase to the Elven Halls.
 44757 | Orc:3    | Found Kusa Qua's Distillery.
 44774 | Orc:3    | Bought a potion of confusion for 1 gold piece
 44847 | Orc:3    | Noticed Sonja
 44848 | Orc:3    | Defeated Sonja
 44977 | Elf:1    | Entered Level 1 of the Elven Halls
 45473 | Lair:1   | Learned a level 4 spell: Control Teleport
 46028 | Elf:1    | Found Staxkyxupu's Magic Scroll Boutique.
 46315 | Elf:1    | Noticed an orc priest
 46315 | Elf:1    | Noticed an orc priest
 46325 | Elf:1    | Defeated an orc priest
 46327 | Elf:1    | Defeated an orc priest
 46684 | Elf:2    | Found Hoggyxt's Jewellery Shoppe.
 46703 | Elf:2    | Bought an uncursed ring of ice for 607 gold pieces
 47582 | Elf:3    | Found Cruob's Assorted Antiques.
 47592 | Elf:3    | Bought a flickering brass amulet for 155 gold pieces
 47593 | Elf:3    | Identified the amulet "Lereggyboe" (You bought it in a shop on level 3 of the Elven Halls)
 47658 | Elf:3    | Found Geshev's Distillery.
 47672 | Elf:3    | Bought 2 potions of paralysis for 2 gold pieces
 48041 | Elf:3    | Found Psusch's Jewellery Boutique.
 48137 | Elf:3    | Found Inkoanur's Food Shop.
 49373 | Elf:5    | Entered Level 5 of the Elven Halls
 49573 | Elf:5    | Reached XP level 18. HP: 72/74 MP: 30/41
 50540 | Elf:5    | Learned a level 2 spell: Repel Missiles
 51316 | Elf:5    | Reached skill level 1 in Translocations
 51316 | Elf:5    | Reached skill level 1 in Charms
 51322 | Elf:5    | Killed from afar by an Ice Fiend
